 Dungeon Crawl Stone Soup version 0.30-a0-652-gcc886f7154 (webtiles) character file.

Game seed: 10087819957292487263

250042 Dirtsage the Black Belt (level 19, -7/130 HPs)
             Began as an Octopode Transmuter on Jan 16, 2023.
             Was the Champion of the Shining One.
             Killed by the air
             ... invoked by a spriggan air mage
             ... led by the Enchantress
              (12 damage)
             ... on level 1 of the Depths on Jan 17, 2023.
             The game lasted 02:18:21 (38017 turns).

Dirtsage the Black Belt (Octopode Transmuter)      Turns: 38017, Time: 02:18:22

Health: -7/130     AC: 23    Str: 14    XL:     19   Next: 61%
Magic:  24/38      EV: 30    Int: 28    God:    the Shining One [******]
Gold:   2157       SH: 16    Dex: 11    Spells: 7/32 levels left

rFire   . . .      SeeInvis .      - Unarmed
rCold   + . .      Faith    .    (shield currently unavailable)
rNeg    + + +      Spirit   .    (helmet currently unavailable)
rPois   ∞          Reflect  +    T - amulet of reflection
rElec   +          Harm     .    c - +4 ring of protection
rCorr   +          Rampage  .    O - ring of willpower
Will    ++...                    I - ring of protection from cold
Stlth   +                        L - +6 ring of intelligence
HPRegen 0.41/turn                Z - ring of magical power
MPRegen 0.26/turn                C - ring of resist corrosion
                                 W - ring of wizardry
                                 H - +5 ring of evasion

@: divinely shielded, about to teleport, storm-form, wereblooded, flying,
glowing
A: cleaving, insubstantial, flying, almost no armour, amphibious, 8 rings,
(camouflage 1), (gelatinous body 1), (nimble swimmer 1), (tentacles), strong 1
}: 2/15 runes: serpentine, barnacled
a: Blinkbolt, End Transformation, Renounce Religion, Divine Shield, Cleansing
Flame, Summon Divine Warrior, Brand Weapon With Holy Wrath


You were on level 1 of the Depths.
You worshipped the Shining One.
The Shining One was exalted by your worship.
You were a lightning-filled tempest!
You visited 7 branches of the dungeon, and saw 32 of its levels.
You also visited: Bailey, Gauntlet and Ice Cave.

You collected 4363 gold pieces.
You spent 2206 gold pieces at shops.

Inventory:

Missiles
 M - 11 curare-tipped darts
Magical Staves
 P - a staff of air (melded)
Jewellery
 c - a +4 ring of protection (left tentacle)
 j - a +6 ring of strength
 o - an amulet of guardian spirit
 s - a ring of fire
 v - a ring of flight
 y - an amulet of faith
 C - a ring of resist corrosion (on tentacle)
 H - a +5 ring of evasion (on tentacle)
 I - a ring of protection from cold (on tentacle)
 J - a ring of protection from cold
 K - a ring of wizardry
 L - a +6 ring of intelligence (on tentacle)
 N - a ring of positive energy
 O - a ring of willpower (right tentacle)
 S - a +5 ring of evasion
 T - an amulet of reflection (around neck)
 V - a ring of willpower
 W - a ring of wizardry (on tentacle)
 Z - a ring of magical power (on tentacle)
Wands
 p - a wand of polymorph (11)
 u - a wand of iceblast (15)
 D - a wand of digging (17)
 R - a wand of quicksilver (9)
Scrolls
 e - 10 scrolls of vulnerability
 f - 2 scrolls of silence
 g - 4 scrolls of fear
 i - 13 scrolls of identify
 k - 4 scrolls of immolation
 r - a scroll of amnesia
 t - 10 scrolls of teleportation
 x - a scroll of butterflies
 B - 7 scrolls of blinking
 U - 2 scrolls of fog
 Y - 3 scrolls of magic mapping
Potions
 a - 5 potions of lignification
 b - 5 potions of magic
 d - 6 potions of might
 h - 5 potions of haste
 l - 9 potions of heal wounds
 m - 7 potions of mutation
 n - 2 potions of resistance
 q - 15 potions of curing
 w - 3 potions of ambrosia
 E - 5 potions of attraction
 F - 2 potions of flight
 G - 3 potions of invisibility
 Q - 5 potions of cancellation
 X - a potion of brilliance
Miscellaneous
 z - a phial of floods
 A - a tin of tremorstones (2/2)


   Skills:
 + Level 11.7 Fighting
 + Level 11.8 Dodging
 + Level 15.3 Unarmed Combat
 - Level 7.2 Spellcasting
 + Level 9.9 Conjurations
 - Level 7.2 Translocations
 + Level 14.3 Transmutations
 - Level 8.0 Ice Magic
 + Level 14.3 Air Magic
 + Level 12.6 Invocations


You had 7 spell levels left.
You knew the following spells:

 Your Spells              Type           Power      Damage    Failure   Level
a - Storm Form            Tmut/Air       37%        N/A       5%          7
b - Wereblood             Tmut           74%        N/A       0%          2
c - Manifold Assault      Tloc           50%        N/A       1%          4
d - Lesser Beckoning      Tloc           100%       N/A       1%          2
e - Beastly Appendage     Tmut           100%       N/A       0%          1
f - Ice Form              Ice/Tmut       64%        N/A       1%          4
g - Freezing Cloud        Conj/Ice/Air   31%        6-21      1%          5

Your spell library contained the following spells:

 Spells                   Type           Power      Damage    Failure   Level
 Apportation              Tloc           100%       N/A       1%          1
 Foxfire                  Conj/Fire      100%       2x1d9     1%          1
 Magic Dart               Conj           100%       1d8       1%          1
 Shock                    Conj/Air       100%       1d9       1%          1
 Passwall                 Tmut/Erth      41%        N/A       1%          2
 Searing Ray              Conj           100%       2d8       1%          2
 Dazzling Flash           Conj/Hex       74%        N/A       1%          3
 Kindle Blastsparks       Fire/Tloc/Air  100%       2d18      1%          3
 Portal Projectile        Hex/Tloc       60%        N/A       1%          3
 Spider Form              Tmut/Pois      50%        N/A       1%          3
 Stone Arrow              Conj/Erth      74%        3d11      1%          3
 Swiftness                Air            74%        N/A       1%          3
 Teleport Other           Tloc           50%        N/A       1%          3
 Airstrike                Air            37%        2d(6-22)  1%          4
 Iskenderun's Mystic Bla  Conj/Tloc      55%        2d12      1%          4
 Blade Hands              Tmut           37%        N/A       1%          5
 Sandblast                Erth           20%        2d7       2%          1
 Slow                     Hex            40%        N/A       2%          1
 Summon Small Mammal      Summ           40%        N/A       2%          1
 Flame Wave               Conj/Fire      37%        2d10      2%          4
 Fulminant Prism          Conj/Hex       18%        3d11      2%          4
 Alistair's Intoxication  Tmut/Pois      33%        N/A       3%          5
 Call Canine Familiar     Summ           10%        N/A       6%          3
 Confusing Touch          Hex            10%        N/A       6%          3
 Inner Flame              Hex/Fire       10%        N/A       6%          3
 Summon Guardian Golem    Hex/Summ       10%        N/A       6%          3
 Tukima's Dance           Hex            10%        N/A       6%          3
 Vampiric Draining        Necr           10%        2d6       6%          3
 Fireball                 Conj/Fire      18%        3d9       8%          5
 Dispersal                Tloc           25%        N/A       16%         6
 Starburst                Conj/Fire      18%        6d7       38%         6
 Lee's Rapid Deconstruct  Erth           5%         3d6*      50%         5
 Disjunction              Tloc           25%        N/A       99%         8
 Ignition                 Fire           5%         3d4       100%        8
 Lehudib's Crystal Spear  Conj/Erth      18%        10d6      100%        8
 Chain Lightning          Conj/Air       33%        3d44      100%        9
 Fire Storm               Conj/Fire      18%        8d5       100%        9
 Shatter                  Erth           5%         3d8*      100%        9
 Animate Armour           Summ/Erth      Unusable   N/A       N/A         4

Dungeon Overview and Level Annotations

Branches:
Dungeon (15/15)            Temple (1/1) D:6            Lair (5/5) D:11
 Shoals (4/4) Lair:2        Snake (4/4) Lair:3        Slime (0/5) Lair:5
    Orc (2/2) D:9             Elf (0/3) Orc:2        Vaults (0/5) D:14
 Depths (1/4) D:15         Bailey (visited)           IceCv (visited)
Gauntlet (visited)

Altars:
Ashenzari
Cheibriados
Dithmenos
Elyvilon
Fedhas
Gozag
Hepliaklqana
Kikubaaqudgha
Makhleb
Nemelex Xobeh
Okawaru
Qazlal
Ru
Sif Muna
Trog
Uskayaw
Vehumet
Wu Jian
Xom
Yredelemnul
Zin
The Shining One
Jiyva

Shops:
D:2 !   D:5 [=   D:7 *   D:8 ==   Orc:2 !!(!(   Snake:2 [((   Snake:3 =::
Depths:1 =

Portals:
Trove: D:14 (give 12 potions of heal wounds)

Annotations:
D:5 2 runed translucent doors


Innate Abilities, Weirdness & Mutations

You are a lightning-filled tempest!
Your electrical attacks strike out in all directions at once.
You are incredibly evasive.
Your insubstantial body is immune to petrification, constriction, and being set on fire You are flying.
You are immune to poison.
Your armour is entirely melded.
You are incapable of wielding weapons or throwing items.
You cannot wear most types of armour.
You are amphibious.
You can wear up to eight rings at the same time.
((Your skin changes colour to match your surroundings (Stealth+).))
((Your rubbery body absorbs attacks. (AC +1, EV +1)))
((You are camouflaged when in or above water. (Stealth+)))
((You have tentacles for arms and can constrict up to eight enemies at once.))
Your muscles are strong. (Str +4, Int/Dex -1)


Message History

You feel strangely unstable.
The spriggan defender hits you with a +1 vampiric lajatang!
The fire giant hits you with a +2 great sword of flaming!
The fire giant burns you.
You take 25 damage, and have 42/130 hp.
You batter the deep troll!!
The deep troll is severely wounded.
You buffet the spriggan defender!
Lightning courses through the spriggan defender!
You hit the fire giant but do no damage.
The spriggan air mage waves its arms in wide circles.
The air twists around and strikes you!!
* * * LOW HITPOINT WARNING * * *
The spriggan defender completely misses you.
You take 18 damage, and have 24/130 hp.
You batter the deep troll!!
Lightning courses through the deep troll!!
You feel a bit better.
You kill the deep troll!
The troll leather armour is intact enough to wear.
You barely miss the spriggan defender.
You buffet the spriggan defender!
You hit the fire giant. You block the fire giant's attack.
The spriggan defender barely misses you.
You block the spriggan defender's attack.
You regained 3 hp, and now have 27/130 hp.
You buffet the spriggan defender!
Lightning courses through the spriggan defender!
The spriggan defender is almost dead.
You hit the deep troll.
You blast the spriggan defender!!!
You buffet the fire giant!
The spriggan defender hits you with a +2 rapier of draining!
* * * LOW HITPOINT WARNING * * *
The deep troll bites you!
* * * LOW HITPOINT WARNING * * *
The deep troll claws you but does no damage.
You block the deep troll's attack. You block the fire giant's attack.
A vampire mage comes into view.
The spriggan air mage waves its arms in wide circles.
The air twists around and strikes you!
You die...

## #.. #.. .
..#######..
........ ..... ..
#..# ..#
######.i######..##
.......Cvi.T.....8.
........TiT..§§....
.V.......ii..§§.?.)
..........iC.○§....
.........<..[.#'
.............Ti∩+
...........^..#'#
................
............§...


You could see a fire giant, a stone giant, 3 spriggan defenders, 3 deep trolls,
a vampire mage, 3 spriggan air magi, a deep troll shaman and a spriggan.

Vanquished Creatures
  Nikola (Shoals:3)
  Bai Suzhen (Shoals:2)
  Jorgrun (Orc:1)
  Rupert (D:15)
  Mlioglotl (Shoals:2)
  Polyphemus (Shoals:2)
  Kirke (D:13)
  Donald (Shoals:3)
  Ilsuiw (Shoals:4)
  3 nagarajas
  A rockslime (IceCv)
  2 azure jellies (IceCv)
  Aizul (Snake:2)
  An orc warlord (Bailey)
  Nessos (D:12)
  5 quicksilver oozes (IceCv)
  2 elemental wellsprings (Shoals:3)
  Azrael (D:13)
  A minotaur (Gauntlet)
  5 merfolk javelineers
  10 merfolk impalers
  Josephine (D:10)
  2 vault guards (D:14)
  2 fire dragons
  Harold (D:9)
  4 salamander tyrants (Snake:4)
  2 hydras
  Erolcha (D:10)
  An ice dragon (Lair:5)
  Erica (D:10)
  7 anacondas
  3 catoblepae
  6 merfolk avatars
  6 merfolk aquamancers
  2 centaur warriors (D:15)
  5 two-headed ogres
  12 death yaks
  11 naga warriors
  5 boulder beetles
  3 alligator snapping turtles
  A vampire mage (D:15)
  7 satyrs
  A deep troll earth mage (Depths:1)
  5 shock serpents
  9 orc high priests (Orc:2)
  Sonja (D:10)
  Nergalle (D:10)
  4 salamander mystics (Snake:4)
  8 naga sharpshooters
  5 skeletal warriors (D:15)
  7 sea snakes
  A swamp dragon (Lair:5)
  Lodul (D:10)
  6 naga ritualists
  2 deep trolls (Depths:1)
  2 orange crystal statues
  An orc knight (Orc:1)
  A necromancer (D:15)
  9 lindwurms
  2 deep elf pyromancers (D:15)
  23 harpies
  A tengu zombie (D:15)
  15 ugly things
  12 manticores
  An orc sorcerer (Orc:2)
  6 cyclopes
  4 oklob plants
  38 fauns
  17 mana vipers
  11 salamanders
  A fire giant zombie (D:15)
  Maurice (D:11)
  A frost giant skeleton (D:15)
  13 elephants
  7 naga magi
  A smoke demon (Gauntlet)
  6 guardian serpents
  6 water nymphs
  32 black mambas
  11 merfolk sirens
  5 torpor snails (Lair:5)
  A gargoyle (D:13)
  11 cane toads
  A kobold demonologist (D:13)
  13 komodo dragons
  A tengu conjurer (D:15)
  A guardian mummy (D:15)
  6 trolls
  27 merfolk
  4 wind drakes
  3 polar bears
  7 hornets (Lair:5)
  4 tyrant leeches (Lair:5)
  A spriggan zombie (D:15)
  A wolf spider simulacrum (Gauntlet)
  9 snapping turtles
  8 blink frogs
  25 dream sheep
  18 slime creatures
  4 shadows
  6 wraiths
  A vampire (D:5)
  6 hogs
  6 water elementals
  22 yaks
  5 wyverns
  Grum (D:9)
  7 steam dragons
  5 basilisks
  3 fire elementals (D:13)
  7 vampire mosquitoes
  Eustachio (D:6)
  10 humans
  6 wargs (Orc:2)
  22 nagas
  4 acid dragons
  21 water moccasins
  3 hell hounds (D:13)
  4 black bears
  2 swamp drakes (Lair:5)
  A floating eye (Lair:3)
  5 great orb of eyes simulacra (IceCv)
  23 orc warriors
  13 ogres
  16 wolves
  19 centaurs
  6 slime creature simulacra (IceCv)
  3 phantoms
  4 kobold brigands
  6 bullfrogs
  5 glowing shapeshifter simulacra (IceCv)
  2 scorpions
  2 necrophages
  A cane toad simulacrum (Gauntlet)
  8 killer bees
  3 electric eels (D:14)
  2 crimson imps (Gauntlet)
  9 jellies
  5 hounds
  A gnoll bouda (D:8)
  34 orc priests
  11 iguanas
  22 orc wizards
  12 hell rats
  A boggart simulacrum (Gauntlet)
  15 gnolls
  8 adders
  A river rat (D:11)
  2 shadow imps
  2 white imps (D:5)
  An ufetubus (D:5)
  A worm (D:4)
  2 dart slugs
  80 orcs
  7 ball pythons
  5 bats
  13 endoplasms
  9 giant cockroaches
  20 goblins
  18 hobgoblins
  16 kobolds
  4 quokkas
  3 frilled lizards
  8 rats
1119 creatures vanquished.

Vanquished Creatures (collateral kills)
  A naga sharpshooter (Snake:4)
  A faun (Shoals:4)
  A guardian serpent (Snake:4)
  A black mamba (Snake:4)
  2 merfolk sirens (Shoals:4)
6 creatures vanquished.

Vanquished Creatures (others)
  2 merfolk aquamancers (Shoals:1)
  A faun (Shoals:3)
  A naga mage (Snake:4)
  A wind drake (Shoals:4)
  A dream sheep (Shoals:4)
  A human (D:14)
  19 fungi
  213 plants
  4 withered plants (D:15)
243 creatures vanquished.

Grand Total: 1368 creatures vanquished

Notes
Turn   | Place    | Note
-------+----------+-------------------------------------------
     0 | D:1      | Dirtsage the Octopode Transmuter began the quest for the
                  | Orb.
     0 | D:1      | Reached XP level 1. HP: 13/13 MP: 3/3
   182 | D:1      | Reached skill level 1 in Ice Magic
   182 | D:1      | Reached XP level 2. HP: 17/18 MP: 5/5
   196 | D:1      | Learned a level 2 spell: Wereblood
   390 | D:1      | Reached XP level 3. HP: 23/23 MP: 3/6
  1160 | D:2      | Found Juawnufu's Distillery.
  1168 | D:2      | Reached XP level 4. HP: 27/28 MP: 4/7
  1195 | D:2      | Bought a potion of heal wounds for 60 gold pieces
  1287 | D:2      | Learned a level 4 spell: Ice Form
  1436 | D:2      | Found a radiant altar of Vehumet.
  1824 | D:3      | Reached XP level 5. HP: 33/33 MP: 8/8
  1932 | D:3      | Found a faded altar of an unknown god.
  2695 | D:4      | Reached XP level 6. HP: 34/38 MP: 6/9
  3668 | D:5      | Entered Level 5 of the Dungeon
  3668 | D:5      | Found Toas's Jewellery Shop.
  3673 | D:5      | Reached skill level 5 in Transmutations
  3774 | D:5      | Noticed a water moccasin
  3783 | D:5      | Killed a water moccasin
  3784 | D:5      | Reached skill level 5 in Ice Magic
  3784 | D:5      | Reached XP level 7. HP: 18/43 MP: 2/10
  4157 | D:5      | Found a large runed translucent door.
  4157 | D:5      | Noticed a vampire mosquito
  4162 | D:5      | Found a large runed translucent door.
  4162 | D:5      | Noticed a vampire
  4163 | D:5      | Found a large runed translucent door.
  4259 | D:5      | Reached XP level 8. HP: 48/48 MP: 4/11
  4315 | D:5      | Found a large runed translucent door.
  4632 | D:5      | Killed a vampire
  4712 | D:5      | Got the Octavo of Warped Astrapomancy
  4926 | D:5      | Noticed a yak
  4940 | D:5      | Killed a yak
  4941 | D:5      | Reached skill level 1 in Air Magic
  4941 | D:5      | Reached XP level 9. HP: 53/53 MP: 6/12
  4946 | D:5      | Identified the ring of Hussara {rPois Dex+8}
  5066 | D:5      | Found Itimat's Armour Emporium.
  5207 | D:5      | Found a bloodstained altar of Trog.
  5207 | D:5      | Found a sacrificial altar of Ru.
  5452 | D:6      | Noticed Eustachio
  5470 | D:6      | Killed Eustachio
  5806 | D:6      | Saving game... please wait.
  5807 | D:6      | Found a staircase to the Ecumenical Temple.
  5816 | Temple   | Entered the Ecumenical Temple
  5869 | Temple   | Became a worshipper of the Shining One
  6183 | D:7      | Found a white marble altar of Elyvilon.
  6313 | D:7      | Found a flagged portal.
  6359 | Bailey   | Entered a bailey
  6480 | Bailey   | Reached skill level 5 in Air Magic
  6605 | Bailey   | Reached XP level 10. HP: 58/58 MP: 9/13
  6613 | Bailey   | Reached skill level 10 in Transmutations
  6625 | Bailey   | Noticed an orc warlord
  6659 | Bailey   | Killed an orc warlord
  6996 | D:7      | Acquired 434 gold pieces
  6997 | D:7      | Acquired a ring of wizardry
  7006 | D:7      | Learned a level 5 spell: Freezing Cloud
  7008 | D:7      | Saving game... please wait.
  7008 | D:7      | Upgraded the game from 0.30-a0-643-g638baaf3f0 to
                  | 0.30-a0-652-gcc886f7154
  7029 | D:7      | Found Imob's Gadget Gallery.
  7235 | D:5      | Bought a +5 ring of evasion for 432 gold pieces
  7235 | D:5      | Bought a ring of protection from cold for 300 gold pieces
  7894 | D:8      | Found an opulent altar of Gozag.
  7972 | D:8      | Found Omnopomo's Jewellery Emporium.
  8186 | D:8      | Found a hide-covered altar of Uskayaw.
  8283 | D:8      | Found an iron altar of Okawaru.
  8291 | D:8      | Found Kuose's Jewellery Shoppe.
  8496 | D:9      | Reached * piety under the Shining One
  8554 | D:9      | Reached XP level 11. HP: 63/63 MP: 11/16
  8655 | D:9      | Noticed Harold
  8808 | D:9      | Killed Harold
  8825 | D:9      | Noticed Grum
  8838 | D:9      | Killed Grum
  9149 | D:9      | Found a staircase to the Orcish Mines.
  9377 | D:10     | Entered Level 10 of the Dungeon
  9382 | D:10     | Noticed Erolcha
  9439 | Orc:1    | Entered Level 1 of the Orcish Mines
  9516 | D:10     | Noticed a two-headed ogre
  9589 | D:8      | Bought a ring of willpower for 375 gold pieces
  9654 | D:10     | Killed Erolcha
  9655 | D:10     | Reached skill level 1 in Invocations
  9725 | D:10     | Found a burning altar of Makhleb.
  9738 | D:10     | Noticed Erica
  9749 | D:10     | Killed Erica
  9822 | D:10     | Learned a level 7 spell: Storm Form
  9890 | D:10     | Noticed Josephine
  9897 | D:10     | Gained mutation: Your muscles are strong. (Str +4, Int/Dex
                  | -1) [mutagenic glow]
 10082 | D:10     | Killed a two-headed ogre
 10214 | D:10     | Noticed a two-headed ogre
 10221 | D:10     | Killed a two-headed ogre
 10222 | D:10     | Reached skill level 10 in Air Magic
 10287 | D:10     | Reached ** piety under the Shining One
 10287 | D:10     | Noticed Lodul
 10297 | D:10     | Killed Lodul
 10298 | D:10     | Reached skill level 5 in Spellcasting
 10463 | D:10     | Noticed Sonja
 10736 | D:10     | Killed Josephine
 10737 | D:10     | Reached XP level 12. HP: 29/65 MP: 9/20
 10873 | D:10     | Killed Sonja
 11065 | D:10     | Noticed Nergalle
 11068 | D:10     | Noticed a two-headed ogre
 11070 | D:10     | Killed Nergalle
 11075 | D:10     | Killed a two-headed ogre
 11316 | D:10     | Identified the +3 helmet of Card Tricks {Harm Str+4 Stlth+}
 11473 | D:11     | Noticed a death yak
 11478 | D:11     | Noticed a death yak
 11478 | D:11     | Noticed a death yak
 11482 | D:11     | Killed a death yak
 11485 | D:11     | Killed a death yak
 11491 | D:11     | Killed a death yak
 11492 | D:11     | Found a staircase to the Lair.
 11699 | D:11     | Noticed Maurice
 11700 | D:11     | Noticed a boulder beetle
 11717 | D:11     | Killed a boulder beetle
 11726 | D:11     | Killed Maurice
 11819 | D:11     | Reached *** piety under the Shining One
 12026 | Lair:1   | Entered Level 1 of the Lair of Beasts
 12190 | Lair:1   | Reached XP level 13. HP: 71/72 MP: 16/23
 13239 | Lair:2   | Reached skill level 4 in Unarmed Combat
 13255 | Lair:2   | Found a staircase to the Shoals.
 14253 | Lair:3   | Reached skill level 5 in Unarmed Combat
 14464 | Lair:3   | Paralysed by a floating eye for 4 turns
 14622 | Lair:3   | Found a staircase to the Snake Pit.
 14685 | Lair:3   | Reached XP level 14. HP: 81/84 MP: 24/24
 15182 | Lair:4   | Reached skill level 6 in Unarmed Combat
 15231 | Lair:4   | Reached **** piety under the Shining One
 15479 | Lair:4   | Found a shimmering altar of Xom.
 15774 | Lair:5   | Entered Level 5 of the Lair of Beasts
 15956 | Lair:5   | Reached skill level 1 in Conjurations
 15956 | Lair:5   | Reached skill level 1 in Translocations
 16341 | Lair:5   | Found a staircase to the Slime Pits.
 16404 | Lair:5   | Found a viscous altar of Jiyva.
 16460 | Lair:5   | Reached skill level 7 in Unarmed Combat
 16463 | Lair:5   | Reached skill level 5 in Dodging
 16469 | Lair:5   | Reached skill level 5 in Invocations
 16478 | Lair:5   | Reached skill level 5 in Fighting
 16911 | Lair:5   | Found a runed translucent door.
 17058 | Lair:5   | Reached skill level 8 in Unarmed Combat
 17276 | Lair:5   | Reached ***** piety under the Shining One
 17913 | Orc:1    | Noticed Jorgrun
 17924 | Orc:1    | Killed Jorgrun
 17925 | Orc:1    | Reached XP level 15. HP: 81/94 MP: 22/25
 18033 | Orc:1    | Learned a level 4 spell: Manifold Assault
 18366 | Orc:2    | Entered Level 2 of the Orcish Mines
 18438 | Orc:2    | Found a staircase to the Elven Halls.
 18595 | Orc:2    | Found Elil's Weapon Boutique.
 18710 | Orc:2    | Found Ituazy's Distillery.
 18727 | Orc:2    | Reached skill level 9 in Unarmed Combat
 18778 | Orc:2    | Bought a potion of cancellation for 120 gold pieces
 18778 | Orc:2    | Bought a potion of ambrosia for 120 gold pieces
 18778 | Orc:2    | Bought a potion of curing for 45 gold pieces
 18782 | Orc:2    | Found Duajisch's Weapon Emporium.
 19213 | Orc:2    | Found a shimmering blue altar of Sif Muna.
 19325 | Orc:2    | Reached ****** piety under the Shining One
 19330 | Orc:2    | Found Tienih's Distillery.
 19330 | Orc:2    | Found Uliukkar's Distillery.
 19339 | Orc:2    | Reached skill level 5 in Translocations
 19382 | Orc:2    | Bought a potion of mutation for 112 gold pieces
 19382 | Orc:2    | Bought a potion of heal wounds for 70 gold pieces
 19382 | Orc:2    | Bought a potion of haste for 140 gold pieces
 19382 | Orc:2    | Bought a potion of haste for 140 gold pieces
 19382 | Orc:2    | Bought a potion of mutation for 112 gold pieces
 19391 | Orc:2    | Bought a potion of heal wounds for 50 gold pieces
 19391 | Orc:2    | Bought a potion of mutation for 80 gold pieces
 19391 | Orc:2    | Bought a potion of heal wounds for 50 gold pieces
 19897 | Snake:1  | Entered Level 1 of the Snake Pit
 20578 | Snake:1  | Learned a level 2 spell: Lesser Beckoning
 20930 | Snake:1  | Found a sparkling altar of Nemelex Xobeh.
 21269 | Snake:2  | Found Doch's Antique Armour Shoppe.
 21273 | Snake:2  | Found Tume's Weapon Emporium.
 21274 | Snake:2  | Found Olimaun's Antique Weapon Shoppe.
 21841 | Snake:2  | You are sucked into a shaft and drop 1 floor!
 21938 | Snake:2  | Noticed a nagaraja
 21942 | Snake:2  | Killed a nagaraja
 21943 | Snake:2  | Reached skill level 10 in Unarmed Combat
 21973 | Snake:2  | Noticed Aizul
 21984 | Snake:2  | Killed Aizul
 22463 | Snake:3  | Found Nanamitet's Book Shop.
 22465 | Snake:3  | Found Uqotiguv's Jewellery Shoppe.
 22467 | Snake:3  | Found Bialad's Book Shop.
 22705 | Snake:3  | Reached XP level 16. HP: 75/103 MP: 21/26
 23202 | Snake:3  | Found a stormy altar of Qazlal.
 23657 | Snake:4  | Entered Level 4 of the Snake Pit
 23657 | Snake:4  | Noticed a nagaraja
 23671 | Snake:4  | Killed a nagaraja
 23944 | Snake:4  | Reached skill level 11 in Unarmed Combat
 24750 | Snake:4  | Found a hazy altar of Hepliaklqana.
 25052 | Snake:4  | Reached skill level 5 in Conjurations
 25176 | Snake:4  | Noticed a nagaraja
 25187 | Snake:4  | Killed a nagaraja
 25373 | Snake:4  | Reached skill level 12 in Unarmed Combat
 25510 | Snake:4  | Reached XP level 17. HP: 105/111 MP: 18/27
 25596 | Snake:4  | Got a serpentine rune of Zot
 25854 | Shoals:1 | Entered Level 1 of the Shoals
 26465 | Shoals:1 | Reached skill level 13 in Unarmed Combat
 26833 | Shoals:1 | Reached skill level 10 in Invocations
 27709 | Shoals:2 | Found a frozen archway.
 27709 | Shoals:2 | Noticed Mlioglotl
 27718 | Shoals:2 | Killed Mlioglotl
 27747 | IceCv    | Entered an ice cave
 27930 | IceCv    | Found a viscous altar of Jiyva.
 28184 | IceCv    | Identified the +2 leather armour "Koigeh" {Will++ Int+4}
 28514 | Shoals:2 | Reached skill level 10 in Dodging
 28986 | Shoals:3 | Noticed Polyphemus
 28986 | Shoals:3 | Noticed Bai Suzhen
 28994 | Shoals:2 | Killed Bai Suzhen
 28995 | Shoals:2 | Reached XP level 18. HP: 109/120 MP: 28/28
 29013 | Shoals:2 | Killed Polyphemus
 29014 | Shoals:2 | Reached skill level 14 in Unarmed Combat
 29324 | Shoals:3 | Reached skill level 10 in Fighting
 29840 | Shoals:3 | Noticed Nikola
 29849 | Shoals:3 | Killed Nikola
 30006 | Shoals:3 | Noticed Donald
 30017 | Shoals:3 | Killed Donald
 31005 | Shoals:4 | Entered Level 4 of the Shoals
 31413 | Shoals:4 | Noticed Ilsuiw
 32128 | Shoals:4 | HP: 4/122 [cyclops (3)]
 32128 | Shoals:4 | The Shining One protects you from harm!
 32414 | Shoals:4 | Was placed under penance by the Shining One
 32565 | Shoals:4 | Killed Ilsuiw
 33103 | Shoals:4 | Reached XP level 19. HP: 121/126 MP: 14/29
 33217 | Shoals:4 | Got a barnacled rune of Zot
 33326 | Shoals:4 | Got the Anthology of the Translocational Inferno
 33435 | Shoals:4 | Reached skill level 15 in Unarmed Combat
 34075 | D:12     | Noticed Nessos
 34083 | D:12     | Killed Nessos
 34124 | D:12     | Found an ornate altar of the Wu Jian Council.
 34357 | D:12     | Found a gate leading to a gauntlet.
 34368 | Gauntlet | Entered a Gauntlet
 34368 | Gauntlet | Found a transporter.
 34368 | Gauntlet | Found a transporter.
 34368 | Gauntlet | Found a large runed translucent door.
 34368 | Gauntlet | Found a large runed translucent door.
 34368 | Gauntlet | Found a large runed translucent door.
 34368 | Gauntlet | Found a large runed translucent door.
 34368 | Gauntlet | Found a large runed translucent door.
 34368 | Gauntlet | Found a large runed translucent door.
 34368 | Gauntlet | Found a runed translucent door.
 34368 | Gauntlet | Found a runed translucent door.
 34368 | Gauntlet | Found a large runed translucent door.
 34368 | Gauntlet | Found a large runed translucent door.
 34368 | Gauntlet | Found a large runed translucent door.
 34368 | Gauntlet | Found a large runed translucent door.
 34368 | Gauntlet | Found a large runed translucent door.
 34368 | Gauntlet | Found a large runed translucent door.
 34372 | Gauntlet | Found a transporter.
 34379 | Gauntlet | Found a transporter.
 34404 | Gauntlet | Found a transporter.
 34407 | Gauntlet | Found the +2 cloak of the Thief {*Fog Slay-2 SInv Stlth+}
 34408 | Gauntlet | Found a transporter.
 34408 | Gauntlet | Found a transporter.
 34408 | Gauntlet | Found the +2 Maxwell's thermic engine {flame, freeze}
 34412 | Gauntlet | Found a transporter.
 34443 | Gauntlet | Found a transporter.
 34450 | Gauntlet | Found a transporter.
 34459 | Gauntlet | Found a transporter.
 34463 | Gauntlet | Found a large runed translucent door.
 34464 | Gauntlet | Found a large runed translucent door.
 34466 | Gauntlet | Found a runed translucent gate.
 34467 | Gauntlet | Found a runed translucent gate.
 34468 | Gauntlet | Found a runed translucent gate.
 34468 | Gauntlet | Found a transporter.
 34478 | Gauntlet | Found a large runed translucent door.
 34479 | Gauntlet | Found a large runed translucent door.
 34506 | Gauntlet | Found a transporter.
 34522 | Gauntlet | Found a transporter.
 34623 | Gauntlet | Found a transporter.
 34637 | Gauntlet | Found a transporter.
 34960 | Gauntlet | Got the Book of the Inflammable Vector
 35408 | D:13     | Noticed Kirke
 35426 | D:13     | Killed Kirke
 35743 | D:13     | Found a sacrificial altar of Ru.
 35811 | D:13     | Noticed Azrael
 35815 | D:13     | Was forgiven by the Shining One
 35824 | D:13     | Killed Azrael
 36160 | D:14     | Found a portal to a secret trove of treasure.
 36708 | D:14     | Found a gate to the Vaults.
 36781 | D:15     | Entered Level 15 of the Dungeon
 36836 | D:15     | Found a staircase to the Depths.
 37425 | D:15     | Found a broken altar of Ashenzari.
 37496 | D:15     | Noticed Rupert
 37506 | D:15     | Killed Rupert
 38002 | Depths:1 | Entered Level 1 of the Depths
 38010 | Depths:1 | Found Rumubuty's Jewellery Shoppe.
 38017 | Depths:1 | HP: 5/130 [deep troll (12)]
 38017 | Depths:1 | Killed from afar by a spriggan air mage

Illustrated notes

Levels and vault maps discovered:
D:1:      dpeg_arrival_radiant, layout_loops_ring,
          chequers_serial_rivers_small_b
D:2:      layout_basic, serial_shops, shop, basic_altar
D:3:      layout_loops_ring, basic_ecumenical_altar
D:4:      minmay_door_path, layout_loops_corners
D:5:      layout_loops_cross, jmf_multi_god_temple, serial_shops, shop,
          nicolae_shop_statue_plus, minmay_hollow_rounded_squares
D:6:      layout_rooms, minmay_temple_entry_poolview, uniq_eustachio
D:7:      layout_rooms, mainiacjoe_overflow_chevrons, enter_bailey_2,
          grunt_livestock, nicolae_shop_gadgets
D:8:      layout_cave_pools, okawaru_ov_weapons_minmay,
          mainiacjoe_overflow_alcove_1, mainiacjoe_overflow_tiny_flanked,
          serial_shops, nicolae_shop_statue_plus, kennysheep_mini,
          minmay_splitting_lines
D:9:      layout_loops_cross, orc_0_dummy, uniq_grum, uniq_harold
D:10:     layout_grid_maze, lemuel_round_altar, uniq_erolcha, uniq_erica,
          uniq_sonja, uniq_lodul, uniq_nergalle, uniq_josephine
D:11:     layout_big_octagon, dpeg_lair_monsters, uniq_maurice
D:12:     nicolae_hitomezashi [nicolae_hito_row, nicolae_hito_row,
          nicolae_hito_row, nicolae_hito_row, nicolae_hito_row,
          nicolae_hito_row, nicolae_hito_row, nicolae_hito_row,
          nicolae_hito_row, nicolae_hito_row, nicolae_hito_row,
          nicolae_hito_row, nicolae_hito_row, nicolae_hito_row,
          nicolae_hito_row, nicolae_hito_row, nicolae_hito_row,
          nicolae_hito_row], layout_long_grid, gauntlet_entry_generic,
          pdpol_wu_jian_five_deadly_venoms, uniq_nessos
D:13:     layout_roguey, nicolae_ru_awakened_eye, uniq_azrael, uniq_kirke
D:14:     layout_basic, ximxim_vaults_locker_room, serial_corexii_hall,
          corexii_hall_statues_l, chequers_hall_statues_wall_a,
          corexii_hall_statues_i, chequers_hall_statues_corner_a,
          dk_noncrumbling_4, trove_entry_hex_spiral
D:15:     gammafunk_depths_entry_grave, layout_loops_corners,
          cheibrodos_ashenzari_chains, uniq_rupert
Temple:   eino_wide_crystal_templ
Lair:1:   layout_big_grid, fungi_pond_lemuel, st_stairs_11,
          pdpol_lair_neglected_garden, beast_lair_carwin_1
Lair:2:   layout_long_grid, minmay_shoals_entry_lonely_mermaid, nzn_random_ring
Lair:3:   layout_misc_corridors, dummy_snake_entry,
          nicolae_quartered_pool_little, dreamdust_mushroom_princess,
          disabler_island
Lair:4:   layout_long_grid, basic_altar
Lair:5:   guppyfry_lair_end_dragon, layout_gridlike, wormcave,
          nicolae_slime_entry_field_trip
Shoals:1: layout_shoals, nicolae_shoals_water_booths
Shoals:2: layout_shoals, portal_ice_cave_entry_pillars_four, uniq_mlioglotl
Shoals:3: layout_shoals, nicolae_shoals_spring_well_temple, uniq_polyphemus,
          uniq_donald, uniq_bai_suzhen, uniq_nikola
Shoals:4: shoals_end_grunt_garden, layout_shoals, shoal_ilsuiw,
          nicolae_shoals_circle_sea_wall
Snake:1:  layout_concentric_octagons, basic_altar
Snake:2:  layout_misc_corridors, minmay_shop_star, uniq_aizul
Snake:3:  layout_gridlike, basic_altar, minmay_shop_grove
Snake:4:  snake_pit_salamanders_mu, layout_chambers, basic_altar,
          grunt_megastairs_2
Orc:1:    layout_caves, rock_pile, uniq_jorgrun
Orc:2:    st_orc_town, layout_caves, serial_shops, shop,
          kennysheep_orc_sif_temple
Depths:1: minmay_shrinking_squares, layout_long_grid, enter_ziggurat_b,
          bloody_trog, serial_shops, shop, nicolae_shop_behind_doors,
          shop_statue, nicolae_hell_entry_hellmouth_sunbeams,
          rand_demon_pan_entry_3, patterned_corridor, uniq_enchantress

Skill      XL: |  1  2  3  4  5  6  7  8  9 10 11 12 13 14 15 16 17 18 19 |
---------------+----------------------------------------------------------+-----
Ice Magic      | 1 2 3 5 6 7 8 |  8.0
Transmutations | 3 4 5 6 8 9 10 12 13 14 | 14.3
Air Magic      | 1 5 8 10 12 13 14 | 14.3
Spellcasting   | 3 5 7 |  7.2
Invocations    | 3 4 5 7 9 10 12 | 12.6
Fighting       | 3 5 7 8 9 11 | 11.7
Dodging        | 4 5 7 8 10 11 | 11.8
Unarmed Combat | 5 8 10 12 13 14 15 | 15.3
Conjurations   | 3 5 7 9 |  9.9
Translocations | 3 6 7 |  7.2

Action                   |  1- 3 |  4- 6 |  7- 9 | 10-12 | 13-15 | 16-18 | 19-21 || total
-------------------------+-------+-------+-------+-------+-------+-------+-------++-------
Melee: Unarmed           |    80 |   148 |   234 |   362 |   569 |   669 |   272 ||  2334
       Constrict         |    20 |    32 |     1 |       |     3 |     2 |       ||    58
       Kick              |    15 |    30 |       |       |       |       |       ||    45
       Tentacles         |    11 |    19 |     2 |     1 |     5 |     1 |       ||    39
       Punch             |     3 |     3 |       |     3 |    39 |    57 |    38 ||   143
       Staff             |       |       |       |     1 |    17 |     7 |       ||    25
 Cast: Beastly Appendage |    14 |    23 |     1 |       |       |       |       ||    38
       Wereblood         |       |     9 |    11 |    19 |    30 |    18 |     8 ||    95
       Ice Form          |       |     4 |    26 |    26 |     3 |       |       ||    59
       Storm Form        |       |       |       |    14 |    74 |    64 |    29 ||   181
       Manifold Assault  |       |       |       |       |     4 |    93 |    12 ||   109
       Freezing Cloud    |       |       |       |       |     2 |    10 |     3 ||    15
       Lesser Beckoning  |       |       |       |       |       |     1 |     1 ||     2
Invok: Divine Shield     |       |       |       |     1 |       |    11 |     1 ||    13
       Summon Divine War |       |       |       |       |       |     4 |       ||     4
 Abil: Blinkbolt         |       |       |       |     1 |     1 |     7 |       ||     9
Evoke: Tin of tremorston |       |       |     1 |     1 |       |       |       ||     2
       Wand              |       |       |       |     3 |       |       |       ||     3
  Use: Scroll            |       |       |     7 |    12 |     8 |     4 |     1 ||    32
       Potion            |       |       |     2 |     7 |       |     4 |       ||    13
 Stab: Sleeping          |     5 |     9 |     4 |       |       |       |       ||    18
Armor: Skin              |    17 |    35 |   108 |   124 |    97 |   133 |    35 ||   549
Dodge: Dodged            |    46 |    78 |    78 |   288 |   489 |   674 |   182 ||  1835
Block: Other             |       |       |       |     3 |       |   174 |    39 ||   216
       Reflection        |       |       |       |       |       |    50 |     2 ||    52

Table legend: (Time is in decaauts)
 A = Elapsed time spent in this place.
 B = Non-inter-level travel time spent in this place.
 C = Inter-level travel time spent in this place.
 D = Time resting spent in this place.
 E = Time spent auto-exploring this place.
 F = Levels seen in this place.
 G = Mean time per level.
                   A        B        C        D        E       F      G
               +--------+--------+--------+--------+--------+-----+--------+
         Total |  37626 |  35615 |   2011 |   2240 |  27487 |  35 | 1075.0 |
       Dungeon |  14656 |  13674 |    982 |    704 |  10582 |  15 |  977.1 |
        Temple |     73 |     54 |     19 |      0 |     40 |   1 |   73.0 |
          Lair |   5940 |   5491 |    449 |     43 |   4621 |   5 | 1188.0 |
        Shoals |   7350 |   7080 |    270 |   1067 |   5031 |   4 | 1837.5 |
     Snake Pit |   5846 |   5662 |    184 |    121 |   4827 |   4 | 1461.5 |
  Orcish Mines |   1877 |   1771 |    106 |      0 |   1462 |   2 |  938.5 |
        Depths |     13 |     13 |      0 |      0 |      0 |   1 |   13.0 |
        Bailey |    609 |    609 |      0 |    215 |    164 |   1 |  609.0 |
      Ice Cave |    630 |    630 |      0 |      9 |    423 |   1 |  630.0 |
      Gauntlet |    628 |    628 |      0 |     80 |    336 |   1 |  628.0 |
               +--------+--------+--------+--------+--------+-----+--------+

Top non-repeatable levels by time:
Shoals:3: 2838 daAuts
 Snake:4: 2050 daAuts
  Lair:5: 1932 daAuts
     D:5: 1791 daAuts
Shoals:2: 1538 daAuts
    D:10: 1504 daAuts
Shoals:4: 1502 daAuts
     D:9: 1476 daAuts
Shoals:1: 1471 daAuts
 Snake:3: 1417 daAuts
 Snake:1: 1351 daAuts
  Lair:2: 1336 daAuts
     D:4: 1251 daAuts
   Orc:2: 1235 daAuts
    D:15: 1200 daAuts
